Match 46464769
Unlisted

Match 46464769
End
Pioneer Squad
Construct Infanterie Kompanie
Selects Terror Battlegroup
Selects Machine Gun Camouflage
Grenadier Squad
MG 42 Machine Gun Team
Grenadier Squad
MG 42 Machine Gun Team
Construct Luftwaffe Kompanie
Flak 30 Anti-aircraft Gun Team
Medical Bunker
Jäger Squad
Flak 30 Anti-aircraft Gun Team
Selects No Quarter
Flak 30 Anti-aircraft Gun Team
Flak 30 Anti-aircraft Gun Team
Support Elements
UMirinBrah?
Akkerman
0
0

Comments sign in to comment!

No comments posted yet!